Map: Acid Plant LE

Players

SpeCial - Winner!

  • Race: Terran Terran
  • Spawn Location: 5:00

Elazer

  • Race: Zerg Zerg
  • Spawn Location: 11:00

Event: WCS Austin 2018

VOD

Have the link to the VOD?

Description

Time

  • Played on: June 3, 2018, 2:54 p.m.
  • Length: 9:45

All games in this series

Show
View Real Time Build Order
Export as new Build Order

SpeCial Terran - Winner!

Build Orders: Liberator Opening, Reaper Expand 

Get SALT Encoding   

  12  0:00  SCV  
  13  0:12  SCV  
  14  0:17  Supply Depot  
  14  0:24  SCV  
  15  0:38  SCV  
  15  0:40  Barracks  
  16  0:44  Refinery  
  16  0:50  SCV  
  17  1:03  SCV  
  18  1:15  SCV  
  19  1:27  Orbital Command  
  19  1:28  Reaper  
  20  1:40  Command Center  
  20  1:51  Supply Depot  
  20  1:53  SCV  
  21  1:59  Marine  
  22  2:05  SCV  
  22  2:08  Factory  
  23  2:15  Refinery  
  23  2:17  SCV  
  23  2:22  Barracks Reactor  
  24  2:29  SCV  
  25  2:41  SCV  
  26  2:52  Orbital Command  
  26  2:54  SCV  
  26  2:56  Starport  
  27  3:06  SCV  
  27  3:11  Hellion x2  
  32  3:14  Barracks Tech Lab  
  32  3:18  SCV  
  32  3:19  SCV  
  34  3:24  Supply Depot  
  34  3:30  SCV  
  34  3:31  SCV  
  34  3:33  Hellion x2  
  40  3:35  Viking  
  42  3:42  SCV  
  42  3:43  SCV  
  42  3:47  Supply Depot  
  44  3:50  Liberator  
  44  3:54  SCV  
  44  3:55  SCV  
  46  3:58  Hellion x2  
  50  4:09  SCV x2  
  55  4:12  Supply Depot  
  55  4:21  SCV x2  
  57  4:28  Marine  
  57  4:29  Command Center, Marine, Siege Tank  
  62  4:34  SCV  
  62  4:37  Supply Depot, SCV  
  64  4:46  Marine x2, SCV  
  64  4:49  SCV  
  64  4:52  Refinery x2, Starport Tech Lab  
  68  4:58  SCV  
  69  5:01  SCV  
  69  5:04  Supply Depot, Marine x2  
  72  5:09  Siege Tank  
  72  5:10  SCV  
  72  5:12  Raven  
  78  5:17  Supply Depot  
  78  5:26  Marine x2, SCV x2  
  82  5:30  Bunker  
  80  5:38  SCV x2  
  80  5:39  Liberator  
  80  5:41  Siege Tank  
  85  5:44  Marine x2  
  83  5:50  SCV x2  
  74  6:01  Marine x2  
  74  6:02  SCV  
  65  6:05  Orbital Command  
  40  6:19  Marine x2  
  28  6:37  Marine x2  
  30  6:46  SCV x2  
  29  6:55  Marine x2  
  31  7:07  SCV x2  
  31  7:08  SCV  
  29  7:13  Marine x2  
  31  7:19  SCV  
  31  7:20  SCV x2  
  34  7:30  Marine x2  
  34  7:32  SCV x3  
  39  7:44  SCV x3  
  41  7:46  Siege Tank  
  41  7:48  Marine x2  
  47  7:56  SCV x3  
  50  8:03  Banshee  
  53  8:07  Marine  
  53  8:08  SCV x3  
  57  8:20  SCV x2  
  57  8:25  SCV  
  57  8:26  Marine x2  
  62  8:29  Liberator  
  62  8:32  Siege Tank, SCV  
  66  8:34  SCV  
  66  8:37  SCV  
  68  8:44  SCV  
  68  8:48  SCV  
  73  8:49  SCV  
  73  8:51  Marine  
  75  8:56  SCV  
  75  9:00  SCV  
  74  9:06  Siege Tank  
  74  9:07  SCV  
  74  9:08  SCV  
  79  9:12  SCV  
  72  9:19  SCV  
  72  9:20  SCV  
  72  9:23  Supply Depot  
  74  9:24  SCV  
  80  9:31  SCV  
Show
View Real Time Build Order
Export as new Build Order

Elazer Zerg 

Build Orders: Hatch First, Roach Nydus 

Get SALT Encoding   

  12  0:00  Drone  
  13  0:12  Overlord  
  13  0:17  Drone  
  14  0:30  Drone x2  
  16  0:48  Hatchery  
  15  0:50  Drone  
  15  0:54  Drone  
  17  0:57  Drone  
  18  1:09  Extractor  
  17  1:12  Spawning Pool  
  17  1:16  Drone  
  17  1:19  Drone  
  18  1:28  Drone  
  19  1:38  Drone  
  20  1:49  Drone  
  21  1:59  Queen x2  
  21  2:00  Zergling x4  
  27  2:14  Hatchery  
  26  2:18  Overlord  
  26  2:21  Drone  
  27  2:24  Drone  
  27  2:37  Queen  
  27  2:39  Drone x2  
  27  2:40  Drone  
  32  2:50  Overlord  
  33  2:51  Drone  
  33  3:01  Drone  
  33  3:02  Drone  
  35  3:06  Drone  
  35  3:08  Drone x4  
  40  3:13  Queen  
  40  3:15  Drone  
  40  3:17  Drone  
  44  3:21  Extractor  
  44  3:23  Extractor  
  44  3:26  Lair  
  42  3:32  Overlord  
  42  3:33  Drone x2  
  44  3:38  Drone, Roach Warren  
  44  3:39  Drone  
  46  3:41  Drone  
  47  3:48  Zergling x2  
  47  3:51  Queen  
  47  3:55  Overlord  
  49  3:59  Drone x2  
  49  4:00  Overlord  
  51  4:15  Queen  
  53  4:18  Roach x4  
  53  4:24  Overseer, Nydus Network  
  60  4:28  Roach  
  60  4:29  Roach  
  64  4:33  Overseer  
  64  4:35  Roach  
  66  4:42  Roach x2  
  70  4:53  Overlord x2  
  70  4:54  Overlord  
  70  5:09  Overlord  
  70  5:12  Roach x2  
  70  5:13  Roach x5  
  84  5:18  Roach  
  80  5:30  Roach x2, Nydus Canal  
  80  5:31  Roach  
  80  5:35  Roach  
  87  5:38  Roach  
  68  5:58  Drone x9  
  68  6:02  Drone  
  66  6:08  Roach  
  66  6:14  Drone x2  
  66  6:18  Drone  
  52  6:19  Drone  
  52  6:25  Drone  
  36  6:35  Drone  
  32  6:44  Drone x2  
  31  6:48  Drone  
  27  6:54  Drone x2  
  28  7:01  Drone  
  28  7:04  Drone  
  25  7:10  Drone  
  25  7:13  Drone  
  27  7:17  Drone  
  27  7:20  Drone  
  29  7:23  Drone  
  29  7:27  Drone  
  29  7:29  Drone  
  32  7:32  Drone  
  32  7:36  Drone  
  34  7:38  Drone  
  34  7:40  Drone  
  34  7:43  Drone  
  37  7:44  Drone  
  37  7:46  Drone  
  39  7:51  Roach  
  39  7:53  Roach  
  39  7:55  Drone  
  39  7:56  Ravager  
  39  7:58  Drone  
  46  8:00  Drone  
  46  8:02  Drone  
  46  8:03  Drone  
  49  8:06  Drone  
  49  8:08  Drone x2  
  49  8:12  Drone x2  
  54  8:14  Drone  
  54  8:16  Drone  
  54  8:18  Ravager x2  
  58  8:21  Drone  
  58  8:22  Drone  
  58  8:23  Drone  
  58  8:25  Drone  
  58  8:26  Drone  
  63  8:31  Drone  
  63  8:32  Extractor  
  63  8:33  Drone  
  64  8:40  Roach x2  
  68  8:44  Overlord  
  68  8:45  Roach  
  68  8:46  Roach  
  68  8:48  Roach  
  74  8:50  Roach  
  78  8:55  Roach  
  78  8:56  Roach  
  78  8:58  Roach x2  
  78  9:02  Overlord  
  84  9:08  Roach x3  
  83  9:19  Roach x3  
Tags
 
Add a new tag
Caveats
  • Supply blocks, unpowered buildings, or Contaminate may cause inaccurate times.
  • Supply counts are checked every 10 seconds.